 Dungeon Crawl Stone Soup version 0.23-a0-703-gdf2d5e0dd9 (webtiles) character file.

63014 FollowTheCloud the Fighter (level 14, -6/118 HPs)
             Began as a Demonspawn Gladiator on Dec 11, 2018.
             Was the Champion of Yredelemnul.
             Killed from afar by an efreet (15 damage)
             ... with a fireball
             ... on level 13 of the Dungeon on June 26, 2019.
             The game lasted 01:19:56 (26370 turns).

FollowTheCloud the Fighter (Demonspawn Gladiator)  Turns: 26370, Time: 01:19:56

Health: -6/118     AC: 24    Str: 17    XL:     14   Next: 66%
Magic:  22/22      EV: 15    Int: 10    God:    Yredelemnul [******]
Gold:   1291       SH:  4    Dex: 22    Spells: 13/13 levels left

rFire    . . .     SeeInvis .   y - +2 trident (venom)
rCold    + . .     Gourm    .   (no shield)
rNeg     . . .     Faith    .   i - +1 plate armour {rPois}
rPois    +         Spirit   .   c - +0 helmet
rElec    .         Reflect  +   r - scarf {repulsion}
rCorr    .         Harm     .   (no gloves)
MR       +....                  (boots unavailable)
Stlth    ..........             M - +4 amulet of reflection
HPRegen  0.29/turn              l - +3 ring of protection
MPRegen  0.18/turn              v - ring of poison resistance

@: agile, studying Ice Magic, repel missiles
A: hooves 3, thin metallic scales 2, cold resistance 1, icemail, powered by pain
1, freezing cloud immunity
a: Recall Undead Slaves, Injury Mirror, Animate Dead, Drain Life, Enslave Soul,
Renounce Religion


You were on level 13 of the Dungeon.
You worshipped Yredelemnul.
Yredelemnul was exalted by your worship.
You were very hungry.

You visited 3 branches of the dungeon, and saw 20 of its levels.

You collected 1291 gold pieces.

Inventory:

Hand Weapons
 y - a +2 trident of venom (weapon)
Missiles
 T - a throwing net (quivered)
Armour
 c - a +0 helmet (worn)
 i - a +1 plate armour of poison resistance (worn)
 r - a scarf of repulsion (worn)
Jewellery
 l - a +3 ring of protection (left hand)
 v - a ring of poison resistance (right hand)
 x - an uncursed ring of see invisible {unknown}
 M - a +4 amulet of reflection (around neck)
 V - an uncursed ring of resist corrosion {unknown}
Wands
 a - a wand of digging (7)
 m - a wand of paralysis (11)
 s - a wand of flame (24)
 G - a wand of scattershot (4)
 J - a wand of enslavement (9)
 L - a wand of iceblast (14)
 R - a wand of random effects (37)
Scrolls
 d - 3 scrolls of amnesia {unknown}
 e - 3 scrolls of enchant weapon {unknown}
 g - 4 scrolls of magic mapping {unknown}
 h - 4 scrolls of teleportation
 j - 6 scrolls of remove curse
 n - 2 scrolls of fog {unknown}
 p - 4 scrolls of enchant armour {unknown}
 t - 12 scrolls of identify
 w - a scroll of fear {unknown}
 A - 3 scrolls of noise {unknown}
 C - a scroll of acquirement {unknown}
 E - 3 scrolls of random uselessness {unknown}
 H - 3 scrolls of immolation {unknown}
 I - a scroll of holy word {unknown}
 K - 3 scrolls of brand weapon {unknown}
 U - 3 scrolls of blinking {unknown}
 X - a scroll of summoning {unknown}
Potions
 b - 2 potions of might {unknown}
 k - 3 potions of heal wounds {unknown}
 o - 3 potions of ambrosia {unknown}
 q - 6 potions of flight {unknown}
 u - a potion of experience {unknown}
 B - 2 potions of invisibility
 D - 4 potions of degeneration {unknown}
 F - 2 potions of brilliance {unknown}
 N - 2 potions of curing
 P - 4 potions of berserk rage {unknown}
 Q - 4 potions of haste {unknown}
 S - a potion of lignification {unknown}
 Y - a potion of agility {unknown}
Books
 O - a manual of Ice Magic
Comestibles
 f - 35 rations


   Skills:
 + Level 13.6 Fighting
 + Level 12.8 Polearms
 - Level 1.7 Throwing
 + Level 12.5 Armour
 - Level 6.5 Dodging
 + Level 11.8 Invocations


You had 13 spell levels left.
You didn't know any spells.
Your spell library contained the following spells:

 Spells                   Type           Power        Failure   Level  Hunger
 Animate Skeleton         Necr           N/A          100%        1    ##.....
 Pain                     Necr           #...         100%        1    ##.....
 Shock                    Conj/Air       #...         100%        1    ##.....
 Sting                    Conj/Pois      #...         100%        1    ##.....
 Poisonous Vapours        Pois/Air       #.....       100%        2    ###....
 Sublimation of Blood     Necr           #.........   100%        2    ###....
 Swiftness                Chrm/Air       #.......     100%        2    ###....
 Ignite Poison            Fire/Tmut/Pois #.......     100%        3    ####...
 Mephitic Cloud           Conj/Pois/Air  #.......     100%        3    ####...
 Recall                   Summ/Tloc      N/A          100%        3    ####...
 Regeneration             Chrm/Necr      #.........   100%        3    ####...
 Static Discharge         Conj/Air       #.......     100%        3    ####...
 Vampiric Draining        Necr           #.........   100%        3    ####...
 Airstrike                Air            #.........   100%        4    #####..
 Animate Dead             Necr           N/A          100%        4    #####..
 Olgreb's Toxic Radiance  Pois           #.......     100%        4    #####..
 Petrify                  Tmut/Erth      #.......     100%        4    #####..
 Alistair's Intoxication  Tmut/Pois      #.......     100%        5    ######.
 Aura of Abjuration       Summ           #.........   100%        5    ######.
 Irradiate                Conj/Tmut      #.........   100%        5    ######.
 Lightning Bolt           Conj/Air       #.........   100%        5    ######.
 Summon Demon             Summ           #.........   100%        5    ######.
 Summon Forest            Summ/Tloc      #.........   100%        5    ######.
 Summon Mana Viper        Hex/Summ       #.......     100%        5    ######.
 Venom Bolt               Conj/Pois      #.........   100%        5    ######.
 Shadow Creatures         Summ           N/A          100%        6    #######


Dungeon Overview and Level Annotations

Branches:
Dungeon (13/15)            Temple (1/1) D:6            Lair (6/6) D:8
  Swamp (0/4) Lair:2        Snake (0/4) Lair:4        Slime (0/5) Lair:6
    Orc (0/2) D:10
 Vaults: D:13-14

Altars:
Ashenzari
Cheibriados
Dithmenos
Elyvilon
Fedhas
Gozag
Hepliaklqana
Kikubaaqudgha
Makhleb
Nemelex Xobeh
Okawaru
Qazlal
Ru
Sif Muna
Trog
Uskayaw
Vehumet
Wu Jian
Xom
Yredelemnul
Zin
The Shining One
Jiyva

Shops:
D:7 %   D:12 *(*:


Innate Abilities, Weirdness & Mutations

You have hooves in place of feet.
You are mostly covered in thin metallic scales. (AC +3)
Your flesh is cold resistant. (rC+)
A meltable icy envelope protects you from harm. (AC +0)
You sometimes gain a little power by taking damage.
You are immune to freezing clouds.


Message History

The efreet burns you. The efreet closely misses you.
The efreet barely misses you. The efreet closely misses you.
The efreet gestures at you.
The fireball explodes!
The fireball engulfs you!
* * * LOW HITPOINT WARNING * * *
The fireball engulfs the efreet.
The efreet completely resists.
You block the efreet's attack. The efreet misses you. The efreet misses you.
The efreet gestures at you.
The fireball explodes!
The fireball engulfs you!
* * * LOW HITPOINT WARNING * * *
The fireball engulfs the efreet.
The efreet completely resists.
The efreet hits you but does no damage. The efreet gestures at you.
The fireball explodes!
The fireball engulfs you!
You die...
Your body rises from the dead as a mindless zombie.

#....#
#.....>.#
##..##
#.......#
##.#
#########
#.# #.# #.#
#.# #
#.###$##.#
#..@R....#
#####.##...
.. ##


You could see an efreet.

Vanquished Creatures
  Kirke (Lair:6)
  Harold (D:7)
  Fannar (Lair:2)
  4 hydras (Lair:6)
  Erica (D:8)
  A death knight (D:10)
  2 two-headed ogres
  A catoblepas (Lair:6)
  2 death yaks
  An unseen horror (D:10)
  A skeletal warrior (D:11)
  Pikel (D:8)
  A lindwurm (Lair:6)
  2 manticores (D:11)
  A deep elf mage (D:11)
  An ugly thing (D:10)
  A cyclops (D:11)
  6 elephants
  Joseph (D:8)
  Psyche (D:8)
  4 black mambas
  2 torpor snails
  9 spiny frogs
  8 komodo dragons
  2 kobold demonologists
  3 rime drakes
  A yaktaur (D:11)
  2 trolls
  6 polar bears
  4 hornets
  Prince Ribbit (D:7)
  4 slime creatures (D:10)
  A raiju (Lair:6)
  7 hippogriffs
  8 blink frogs
  A vampire (D:10)
  10 spriggans (Lair:4)
  A shadow (D:12)
  32 yaks
  Sigmund (D:3)
  2 hogs (D:8)
  A human (D:8)
  5 wyverns
  A wraith (D:7)
  A steam dragon (Lair:4)
  4 nagas (Lair:4)
  6 wargs (Lair:6)
  4 vampire mosquitoes
  An acid dragon (D:11)
  9 water moccasins
  9 hell hounds (Lair:6)
  14 porcupines
  A slave (D:8)
  9 orc warriors
  3 sky beasts
  7 black bears
  12 ice beasts
  10 wolves
  2 phantoms
  3 boggarts (Lair:4)
  9 ogres
  11 centaurs
  6 crocodiles
  3 big kobolds
  15 bullfrogs
  Blork the orc (D:5)
  4 scorpions
  A water moccasin skeleton (D:4)
  6 killer bees (D:10)
  7 wights
  A howler monkey (D:8)
  8 crimson imps
  A quasit (D:9)
  2 bullfrog zombies
  3 hounds
  5 jellies
  A bullfrog skeleton (D:11)
  7 orc priests
  A gnoll shaman (D:5)
  2 human zombies (D:7)
  20 orc wizards
  Crazy Yiuf (D:6)
  2 human skeletons (D:7)
  4 hell rats (Lair:1)
  4 iguanas
  7 worker ants
  2 ogre zombies (D:7)
  A hound zombie (D:5)
  4 mummies (D:7)
  A howler monkey zombie (D:11)
  2 worker ant zombies
  12 gnolls
  9 adders
  6 river rats (Lair:1)
  4 shadow imps
  An ooze (Lair:6)
  4 worms (D:3)
  5 dart slugs
  5 leopard geckos
  48 orcs
  5 giant cockroaches
  6 goblins
  7 hobgoblins
  5 jackals
  17 kobolds
  6 quokkas
  8 bats
  6 frilled lizards
  A quokka zombie (D:9)
  19 rats
558 creatures vanquished.

Vanquished Creatures (collateral kills)
  A hydra (Lair:2)
  A catoblepas (Lair:6)
  2 death yaks (Lair:6)
  A black mamba (Lair:3)
  3 elephants
  4 spiny frogs
  3 komodo dragons
  2 centaur skeletons
  A gargoyle (D:11)
  A rime drake (Lair:6)
  2 trolls
  4 polar bears (Lair:6)
  A raiju (Lair:6)
  A hippogriff (Lair:4)
  3 slime creatures (D:12)
  5 dream sheep
  3 blink frogs
  2 spriggans (Lair:4)
  8 yaks
  A steam dragon (D:11)
  A hog (Lair:6)
  A hungry ghost (D:12)
  A vampire mosquito (Lair:2)
  2 basilisks (Lair:6)
  4 hell hounds (Lair:6)
  2 nagas (Lair:4)
  5 water moccasins
  5 black bears
  A porcupine (Lair:5)
  10 wolves
  An eye of draining (D:10)
  An ogre (D:12)
  2 crocodiles
  5 bullfrogs
  A scorpion (D:10)
  A howler monkey (D:12)
  A wight (D:9)
  An electric eel (Lair:2)
  2 crimson imps
  2 orc priests (D:10)
  A jelly (Lair:6)
  A bullfrog skeleton (D:9)
  3 orc wizards
  An adder (D:10)
  An ooze (Lair:6)
  12 orcs
  4 kobolds
  25 fungi
  9 plants
155 creatures vanquished.

Vanquished Creatures (others)
  2 death yak zombies (Lair:6)
  2 hydra zombies (Lair:6)
  5 flying skulls (Lair:6)
  A black mamba zombie (Lair:6)
  4 humans (Lair:6)
  A wraith (Lair:6)
  2 spiny frog zombies (Lair:6)
  A two-headed ogre skeleton (D:10)
  A hornet zombie (Lair:2)
  3 elephant zombies (Lair:6)
  A slave (D:8)
  A black bear (Lair:6)
  A hog zombie (Lair:6)
  2 wolves (Lair:6)
  A rime drake zombie (Lair:6)
  A vampire mosquito zombie (Lair:2)
  A hippogriff zombie (Lair:2)
  4 water moccasin zombies
  A polar bear zombie (Lair:6)
  A spriggan zombie (Lair:4)
  2 warg skeletons (Lair:6)
  4 yak zombies
  A troll zombie (D:10)
  2 wights
  5 wolf zombies
  2 bullfrog zombies (Lair:2)
  A centaur zombie (D:9)
  A quasit (D:13)
  A black bear zombie (Lair:6)
  A basilisk zombie (Lair:6)
  A porcupine zombie (Lair:1)
  2 killer bee zombies (D:10)
  A sky beast zombie (D:10)
  A crocodile skeleton (Lair:1)
  2 naga zombies (Lair:4)
  A mummy (Lair:6)
  2 hell rat zombies (Lair:1)
  10 orc zombies
  An orc (D:11)
  A gnoll skeleton (D:9)
  4 kobold zombies (D:10)
  2 rat zombies (Lair:1)
  A river rat zombie (Lair:1)
  3 bushes
  6 fungi
  14 plants
108 creatures vanquished.

Grand Total: 821 creatures vanquished

Notes
Turn   | Place    | Note
-------+----------+-------------------------------------------
     0 | D:1      | FollowTheCloud the Demonspawn Gladiator began the quest for
                  | the Orb.
     0 | D:1      | Reached XP level 1. HP: 16/16 MP: 1/1
   296 | D:1      | Gained mutation: You sometimes gain a little power by
                  | taking damage. [demonic ancestry]
   296 | D:1      | Reached XP level 2. HP: 22/22 MP: 2/2
   620 | D:1      | Found a sparkling altar of Nemelex Xobeh.
   782 | D:1      | Reached skill level 1 in Armour
  1263 | D:2      | Found a burning altar of Makhleb.
  1299 | D:2      | Found a hazy altar of Hepliaklqana.
  1328 | D:2      | Reached XP level 3. HP: 28/28 MP: 3/3
  1642 | D:2      | Found a snail-covered altar of Cheibriados.
  2236 | D:3      | Noticed Sigmund
  2268 | D:4      | Noticed an air elemental
  2275 | D:4      | Found a stormy altar of Qazlal.
  2275 | D:4      | Noticed a fire elemental
  2278 | D:4      | Noticed an earth elemental
  2281 | D:4      | Noticed a water elemental
  2304 | D:4      | Noticed an ogre
  2424 | D:4      | Noticed an ogre
  2700 | D:3      | Gained mutation: You have large cloven feet. [demonic
                  | ancestry]
  2700 | D:3      | Reached XP level 4. HP: 34/34 MP: 4/4
  3112 | D:3      | Reached skill level 3 in Fighting
  3462 | D:3      | Gained mutation: You have hoof-like feet. [demonic
                  | ancestry]
  3462 | D:3      | Reached XP level 5. HP: 41/41 MP: 5/5
  3548 | D:3      | Found a glowing silver altar of Zin.
  3722 | D:4      | Killed an ogre
  3908 | D:4      | Gained mutation: You have hooves in place of feet. [demonic
                  | ancestry]
  3908 | D:4      | Reached XP level 6. HP: 31/47 MP: 6/6
  4218 | D:5      | Entered Level 5 of the Dungeon
  4293 | D:5      | Noticed Blork the orc
  4300 | D:5      | Killed Blork the orc
  4696 | D:5      | Reached skill level 4 in Fighting
  4707 | D:5      | Gained mutation: Your flesh is cold resistant. (rC+)
                  | [demonic ancestry]
  4707 | D:5      | Reached XP level 7. HP: 41/54 MP: 7/7
  5376 | D:3      | Killed Sigmund
  5619 | D:6      | Reached skill level 5 in Polearms
  5619 | D:6      | Reached skill level 5 in Dodging
  5619 | D:6      | Reached XP level 8. HP: 46/61 MP: 8/8
  5652 | D:6      | Reached skill level 5 in Fighting
  5853 | D:6      | Found a staircase to the Ecumenical Temple.
  6273 | Temple   | Entered the Ecumenical Temple
  6473 | Temple   | Became a worshipper of Yredelemnul the Dark
  6533 | D:6      | Found a runed door.
  6563 | D:6      | Found a shimmering altar of Xom.
  6818 | D:6      | Noticed Crazy Yiuf
  6822 | D:6      | Killed Crazy Yiuf
  6822 | D:6      | Reached skill level 5 in Armour
  7012 | D:7      | Found a white marble altar of Elyvilon.
  7127 | D:7      | Noticed Harold
  7167 | D:6      | Reached skill level 6 in Fighting
  7214 | D:7      | Found an ornate altar of the Wu Jian Council.
  7240 | D:7      | Gained mutation: You are partially covered in thin metallic
                  | scales. (AC +2) [demonic ancestry]
  7240 | D:7      | Reached XP level 9. HP: 64/69 MP: 9/9
  7242 | D:7      | Found a shadowy altar of Dithmenos.
  7254 | D:7      | Noticed Prince Ribbit
  7266 | D:7      | Killed Prince Ribbit
  7912 | D:7      | Found Naka Fosm's Food Boutique.
  8129 | D:7      | Reached skill level 7 in Fighting
  8133 | D:7      | Found an ancient bone altar of Kikubaaqudgha.
  8142 | D:7      | Reached * piety under Yredelemnul
  8524 | D:7      | Killed Harold
  8524 | D:7      | Gained mutation: You are immune to freezing clouds.
                  | [demonic ancestry]
  8524 | D:7      | Reached XP level 10. HP: 68/80 MP: 10/10
  8607 | D:8      | Found a sacrificial altar of Ru.
  8777 | D:8      | Noticed Erica
  8796 | D:8      | Killed Erica
  8796 | D:8      | Reached skill level 8 in Fighting
  8880 | D:8      | Noticed Pikel
  8899 | D:8      | Killed Pikel
  8961 | D:8      | Reached skill level 1 in Invocations
  8968 | D:8      | Found a staircase to the Lair.
  9089 | D:8      | Noticed Joseph
  9100 | D:8      | Killed Joseph
  9142 | D:8      | Reached skill level 9 in Fighting
  9632 | D:8      | Noticed Psyche
  9645 | D:8      | Killed Psyche
  9871 | Lair:1   | Entered Level 1 of the Lair of Beasts
  9914 | Lair:1   | Reached XP level 11. HP: 50/89 MP: 12/14
  9957 | Lair:1   | Reached ** piety under Yredelemnul
 10308 | Lair:1   | Noticed a death yak
 10642 | D:8      | Killed a death yak
 10642 | D:8      | Reached skill level 5 in Invocations
 11666 | Lair:2   | Found a staircase to the Swamp.
 12131 | Lair:2   | Noticed Fannar
 12143 | Lair:2   | Killed Fannar
 12143 | Lair:2   | Reached skill level 10 in Fighting
 13201 | Lair:3   | Noticed an eight-headed hydra
 13216 | Lair:2   | Killed an eight-headed hydra
 13490 | Lair:3   | Gained mutation: A meltable icy envelope protects you from
                  | harm. (AC +0) [demonic ancestry]
 13490 | Lair:3   | Reached XP level 12. HP: 72/98 MP: 17/17
 13816 | Lair:3   | Reached *** piety under Yredelemnul
 13871 | Lair:3   | Reached skill level 10 in Polearms
 15156 | Lair:4   | Found a staircase to the Snake Pit.
 15296 | Lair:4   | Reached skill level 10 in Armour
 15326 | Lair:4   | Reached skill level 11 in Fighting
 15556 | Lair:4   | Received a gift from Yredelemnul (5 flying skulls)
 15766 | Lair:4   | Received a gift from Yredelemnul (a mummy)
 16543 | Lair:4   | Reached **** piety under Yredelemnul
 17100 | Lair:5   | Reached XP level 13. HP: 102/107 MP: 19/19
 17946 | Lair:6   | Entered Level 6 of the Lair of Beasts
 18133 | Lair:6   | Reached skill level 12 in Fighting
 18155 | Lair:6   | Found a runed door.
 18155 | Lair:6   | Found a viscous altar of Jiyva.
 18180 | Lair:6   | Found a staircase to the Slime Pits.
 18275 | Lair:6   | Noticed Kirke
 18297 | Lair:6   | Killed Kirke
 18297 | Lair:6   | Reached ***** piety under Yredelemnul
 19920 | Lair:6   | Reached skill level 10 in Invocations
 20149 | Lair:6   | Gained mutation: You are mostly covered in thin metallic
                  | scales. (AC +3) [demonic ancestry]
 20149 | Lair:6   | Reached XP level 14. HP: 73/116 MP: 14/21
 20149 | Lair:6   | Received a gift from Yredelemnul (a wraith)
 20444 | Lair:6   | Reached skill level 13 in Fighting
 20444 | Lair:6   | Received a gift from Yredelemnul (a wight)
 20699 | Lair:4   | Upgraded the game from 0.23-a0-558-g30802b1d75 to
                  | 0.23-a0-563-g409694ba0a
 22101 | D:10     | Entered Level 10 of the Dungeon
 22110 | D:10     | Found a staircase to the Orcish Mines.
 22210 | D:10     | Received a gift from Yredelemnul (a vampire)
 22216 | D:10     | Got a pair of crude boots
 22300 | D:10     | Received a gift from Yredelemnul (a wight)
 22575 | D:10     | Upgraded the game from 0.23-a0-563-g409694ba0a to
                  | 0.23-a0-582-g1b4a0ca2fb
 22892 | D:10     | Reached ****** piety under Yredelemnul
 24642 | D:11     | Received a gift from Yredelemnul (a vampire)
 25222 | D:12     | Received a gift from Yredelemnul (a vampire)
 25329 | D:12     | Found Cylif's Book Shop.
 25331 | D:12     | Found Siujiw's Antique Weapon Shop.
 25339 | D:12     | Found Mowkoaca's Assorted Antiques.
 25340 | D:12     | Found Helivuso's Assorted Antiques.
 25808 | D:12     | Upgraded the game from 0.23-a0-582-g1b4a0ca2fb to
                  | 0.23-a0-607-g760965b753
 25808 | D:12     | Upgraded the game from 0.23-a0-607-g760965b753 to
                  | 0.23-a0-703-gdf2d5e0dd9
 26370 | D:13     | Killed from afar by an efreet

Vault maps used:
D:1:      mrwooster_arrival_arrow, nemelex_altar_shiori
D:2:      lemuel_round_altar, lemuel_crystal_altar, kennysheep_slug_shrine,
          serial_forest, infiniplex_forest_lined_1,
          infiniplex_forest_end_double, infiniplex_forest_lined_room_2,
          infiniplex_forest_corner_1, infiniplex_forest_lined_2,
          infiniplex_forest_clump_small, infiniplex_forest_corner_1,
          infiniplex_forest_lined_1, infiniplex_forest_straight_3,
          infiniplex_forest_lined_3
D:3:      marbit_many_paths, uniq_sigmund
D:4:      nicolae_qazlal_style_of_elements, first_ration
D:5:      uniq_blork_the_orc
D:6:      nicolae_overflow_hidden_temple, minmay_temple_entry_sparse_star,
          minmay_misc_feat_room, uniq_crazy_yiuf_cottage
D:7:      minmay_opposing_rooms, nicolae_overflow_crystal_walls,
          lemuel_crystal_altar, basic_altar, serial_shops, shop,
          kennysheep_donut, lemuel_mausoleum_altar_kikubaaqudgha, uniq_harold,
          uniq_prince_ribbit1
D:8:      kennysheep_mini, due_lair_maze_entry_diamond, grunt_livestock,
          minmay_strange_pillars, uniq_erica, uniq_psyche, uniq_joseph,
          uniq_pikel
D:10:     wander_river, hangedman_abyss_or_decor_stabs, kennysheep_small_circle
D:11:     minmay_the_grid_square_5x5_4x4_mashed
D:12:     special_room, minmay_shop_grid_forest
Temple:   nicolae_temple_figure_eight
Lair:1:   portal_ice_cave_entry_ice_beasts, wad_woods_road_03,
          kennysheep_abandoned_house
Lair:2:   minmay_swamp_entry_swarm, uniq_urug, uniq_fannar
Lair:3:   st_stairs_11
Lair:4:   kb_forest_paths, minmay_snake_entry_guardpost_medium,
          beast_lair_carwin_7
Lair:6:   hangedman_lair_caniforms_friends, hangedman_lair_in_review,
          slime_altar_2, uniq_kirke

Skill      XL: |  1  2  3  4  5  6  7  8  9 10 11 12 13 14 |
---------------+-------------------------------------------+-----
Polearms       | 3 4 5 6 7 8 9 11 12 | 12.8
Dodging        | 3 4 5 6 |  6.5
Armour         | 1 2 3 4 5 6 8 9 10 11 12 | 12.5
Fighting       | 3 4 6 7 9 10 11 12 13 | 13.6
Invocations    | 4 7 9 10 11 | 11.8
Throwing       | |  1.7

Action                   |  1- 3 |  4- 6 |  7- 9 | 10-12 | 13-15 || total
-------------------------+-------+-------+-------+-------+-------++-------
Melee: Trident           |   181 |    93 |   315 |   807 |  1091 ||  2487
       Dagger            |       |    74 |       |       |       ||    74
       Kick              |       |    15 |   100 |   289 |   427 ||   831
       Unarmed           |       |       |       |       |     7 ||     7
Throw: Throwing net      |     2 |     1 |     1 |     1 |       ||     5
Invok: Animate Remains   |       |       |       |    19 |       ||    19
       Recall Undead Sla |       |       |       |     4 |     7 ||    11
       Injury Mirror     |       |       |       |     1 |     1 ||     2
       Animate Dead      |       |       |       |     8 |    32 ||    40
       Drain Life        |       |       |       |       |     4 ||     4
Evoke: Wand              |       |       |       |     1 |       ||     1
  Use: Scroll            |       |     1 |     4 |     1 |     3 ||     9
       Potion            |       |       |     1 |       |       ||     1
 Stab: Distracted        |       |       |       |     5 |    13 ||    18
  Eat: Chunk             |     5 |     7 |    11 |    29 |    38 ||    90
       Ration            |       |       |       |     2 |     1 ||     3
Armor: Leather armour    |    23 |       |       |       |       ||    23
       Ring mail         |    54 |    80 |    88 |       |       ||   222
       Plate armour      |       |       |    30 |   542 |   824 ||  1396
       Skin              |       |       |       |       |     2 ||     2
Dodge: Dodged            |   125 |   125 |   194 |   323 |   552 ||  1319
       Deflected         |       |     3 |     9 |     8 |    16 ||    36
Block: Other             |       |       |       |       |    71 ||    71
       Reflection        |       |       |       |       |     3 ||     3

Table legend:
 A = Non-vault XP
 B = Vault XP
 C = Vault XP percentage of total XP
 D = Non-vault monster count
 E = Vault monster count
 F = Vault count percentage of total count
                 A         B        C        D         E       F
            +---------+---------+-------+---------+---------+-------
      Total |   43173 |   46848 |  52.0 |     447 |     233 |  34.3
            +---------+---------+-------+---------+---------+-------
        D:1 |      37 |       0 |   0.0 |      25 |       0 |   0.0
        D:2 |      33 |       4 |  10.8 |      16 |       1 |   5.9
        D:3 |     134 |     217 |  61.8 |      31 |       2 |   6.1
        D:4 |     199 |       0 |   0.0 |       5 |       0 |   0.0
        D:5 |     382 |      87 |  18.6 |      24 |       1 |   4.0
        D:6 |    1432 |      39 |   2.7 |      27 |       1 |   3.6
        D:7 |     915 |    2282 |  71.4 |      17 |      21 |  55.3
        D:8 |     540 |    6237 |  92.0 |      14 |      23 |  62.2
        D:9 |    1646 |       0 |   0.0 |      39 |       0 |   0.0
       D:10 |    4205 |    3496 |  45.4 |      53 |       8 |  13.1
       D:11 |    2266 |    5443 |  70.6 |      31 |      23 |  42.6
       D:12 |    5490 |     163 |   2.9 |      44 |      12 |  21.4
       D:13 |     154 |       0 |   0.0 |       1 |       0 |   0.0
     Lair:1 |    2057 |     960 |  31.8 |      10 |      18 |  64.3
     Lair:2 |    4951 |    1439 |  22.5 |      22 |       4 |  15.4
     Lair:3 |    3868 |     698 |  15.3 |      19 |       3 |  13.6
     Lair:4 |    4394 |    6662 |  60.3 |      20 |      34 |  63.0
     Lair:5 |    4082 |       0 |   0.0 |      26 |       0 |   0.0
     Lair:6 |    6388 |   19121 |  75.0 |      23 |      82 |  78.1
            +---------+---------+-------+---------+---------+-------
